 Dungeon Crawl Stone Soup version 0.29.0-4-gdea44cf6ec (webtiles) character file.

Game seed: 7632995679017364167

63 qw the Chopper (level 4, -1/26 HPs)
             Began as a Tengu Warper on Aug 28, 2022.
             Slain by an orc
             ... wielding a +2 hand axe of electrocution
              (15 damage)
             ... on level 4 of the Dungeon.
             The game lasted 00:00:12 (2213 turns).

qw the Chopper (Tengu Warper)                       Turns: 2213, Time: 00:00:13

Health: -1/26      AC:  6    Str: 13      XL:     4   Next: 9%
Magic:  8/8        EV:  9    Int: 12 (14) God:
Gold:   188        SH:  0    Dex: 13      Spells: 7/7 levels left

rFire   . . .      SeeInvis .   Y - +1 war axe
rCold   . . .      Faith    .   (no shield)
rNeg    . . .      Spirit   .   e - +0 scale mail
rPois   .          Reflect  .   (helmet restricted)
rElec   .          Harm     .   (no cloak)
rCorr   .          Rampage  .   (no gloves)
Will    .....                   (boots unavailable)
Stlth   ..........              (no amulet)
HPRegen 0.08/turn               (no ring)
MPRegen 0.11/turn               (no ring)

@: no status effects
A: beak, talons 3, deterioration 1
a: no special abilities


You were on level 4 of the Dungeon.
You visited 1 branch of the dungeon, and saw 4 of its levels.

You collected 188 gold pieces.


Innate Abilities, Weirdness & Mutations

You have a beak for a mouth.
You have claws for feet.
Your body sometimes deteriorates upon taking damage.


   Skills:
 - Level 2.0 Fighting
 + Level 4.7 Axes
 - Level 1.0 Throwing
 - Level 1.1 Armour
 - Level 2.1 Dodging
 - Level 2.0 Spellcasting
 - Level 2.4 Translocations


You had 7 spell levels left.
You didn't know any spells.
Your spell library contained the following spells:

 Spells                   Type           Power      Damage    Failure   Level
 Blink                    Tloc           12%        N/A       58%         2
 Gell's Gravitas          Tloc           6%         N/A       83%         3
 Lesser Beckoning         Tloc           6%         N/A       83%         3
 Teleport Other           Tloc           6%         N/A       83%         3
 Manifold Assault         Tloc           6%         N/A       100%        5

Inventory:

Hand Weapons
 h - a +0 mace
 Y - a +1 war axe (weapon)
Armour
 e - a +0 scale mail (worn)
Scrolls
 a - a scroll of identify
Potions
 d - a potion of mutation
 f - 3 potions of heal wounds
 i - a potion of lignification {unknown}
 j - a potion of cancellation
 l - a potion of attraction {unknown}
 m - a potion of berserk rage {unknown}
 o - a potion of might

Dungeon Overview and Level Annotations

Branches:
Dungeon (4/15)
 Temple: D:4-7

Altars:


Message History

The bullfrog gives a loud, deep croak!
You hear a shout! x3
An orc comes into view.
It is wielding a +2 hand axe of electrocution.
An orc comes into view. It is wielding a +0 short sword.
The orc shouts!
An orc priest comes into view. It is wielding a +0 mace.
2207 ||| Stepping ~*~*~tactically~*~*~ (stealth). 2 orc wizards and an orc priest come into view.
The orc wizard shouts!
The orc priest shouts!
The orc wizard mumbles some strange words.
The orc wizard flickers and vanishes!
Deactivating autopickup; reactivate with Ctrl-A.
2208 ||| Stepping ~*~*~tactically~*~*~ (hiding).
An orc and an orc wizard come into view.
The orc shouts!
The orc wizard shouts!
2209 ||| Stepping ~*~*~tactically~*~*~ (hiding).
You barely miss the bullfrog. Your kick misses the bullfrog.
The bullfrog hits you!
The orc wizard mumbles some strange words.
The orc wizard flickers and vanishes!
The bullfrog hits you.
You hit the bullfrog. You claw the bullfrog!
The bullfrog is moderately wounded.
You hit the orc. x2
The bullfrog hits you but does no damage.
The orc hits you but does no damage.
You are electrocuted!
Ouch! That really hurt!
The orc closely misses you. The bullfrog closely misses you.
2212 ||| DRINKING 4 potions of heal wounds.
You feel much better. The bullfrog hits you.
The orc hits you with a +0 short sword.
Your body deteriorates!
You feel dopey. The orc barely misses you.
You hit the orc.
The orc is severely wounded.
You closely miss the orc. You hit the bullfrog but do no damage.
The bullfrog hits you but does no damage.
The bullfrog hits you!
Your body deteriorates!
You feel dopey. The orc hits you but does no damage.
You are electrocuted!
Ouch! That really hurt!
You die...

##................#
#......##.........#
####...###........##
#~~~~~~#...####....
####...#[.## #.#
#.......#.
#.........
#oo)......
#.o.o#@.##.[..
.o....o##F# ....
o....?. .{.. ###
##.#... ..... # #...
...### #.[. .#..
.... ..... ......


You could see a bullfrog, an orc wizard and an orc.

Vanquished Creatures
  2 adders (D:3)
  A worm (D:2)
  2 dart slugs
  3 endoplasms
  A giant cockroach (D:3)
  5 goblins
  4 hobgoblins
  4 kobolds
  2 quokkas (D:2)
  5 bats
  2 frilled lizards
  5 rats
36 creatures vanquished.

Notes
Turn   | Place    | Note
-------+----------+-------------------------------------------
     0 | D:1      | qw the Tengu Warper began the quest for the Orb.
     0 | D:1      | Reached XP level 1. HP: 12/12 MP: 4/4
     0 | D:1      | 0 ||| qw: Version: 0.1-a-89-g26bdef1
     0 | D:1      | 0 ||| qw: Game counter: 1761
     0 | D:1      | 0 ||| qw: Always use a shield: true
     0 | D:1      | 0 ||| qw: God list: Okawaru
     0 | D:1      | 0 ||| qw: Allow faded altars: false
     0 | D:1      | 0 ||| qw: Do Orc after D:15 true
     0 | D:1      | 0 ||| qw: Do second Lair branch before Depths: true
     0 | D:1      | 0 ||| qw: Lair rune preference: random
     0 | D:1      | 0 ||| qw: Plans: Normal
     0 | D:1      | 0 ||| PLANNING D:1-11
   360 | D:1      | Reached skill level 3 in Axes
   360 | D:1      | Reached XP level 2. HP: 13/17 MP: 6/6
   608 | D:1      | 608 ||| SWAPPING to +0 war axe.
   609 | D:1      | 609 ||| DROPPING +0 hand axe.
   610 | D:1      | Found a faded altar of an unknown god.
   672 | D:1      | 672 ||| UPGRADING to +0 scale mail.
   682 | D:1      | 682 ||| DROPPING +0 leather armour.
   683 | D:1      | 683 ||| READING scroll labelled ULEETO BAHASOG.
   684 | D:1      | 684 ||| READING scroll labelled GUN MUIMUUCEWU.
   685 | D:1      | 685 ||| READING scroll labelled OMISITU XUDATRAE.
   686 | D:1      | 686 ||| DRINKING 3 puce potions.
   687 | D:1      | 687 ||| DRINKING 2 pink potions.
   688 | D:1      | 688 ||| DROPPING scroll of blinking.
  1430 | D:2      | Reached XP level 3. HP: 20/21 MP: 7/7
  1609 | D:2      | 1609 ||| DROPPING orb of mayhem.
  1610 | D:2      | 1610 ||| READING scroll labelled DENOHOADGHI.
  1615 | D:2      | 1615 ||| READING scroll labelled TOW CUFULUMEK.
  1627 | D:3      | 1627 ||| STAIRDANCE
  1632 | D:3      | 1632 ||| STAIRDANCE
  1661 | D:3      | 1661 ||| Stepping ~*~*~tactically~*~*~ (stealth).
  1662 | D:3      | 1662 ||| Stepping ~*~*~tactically~*~*~ (stealth).
  1663 | D:3      | 1663 ||| Stepping ~*~*~tactically~*~*~ (stealth).
  1664 | D:3      | 1664 ||| Stepping ~*~*~tactically~*~*~ (stealth).
  1667 | D:3      | Reached skill level 4 in Axes
  1706 | D:3      | 1706 ||| Stepping ~*~*~tactically~*~*~ (stealth).
  1887 | D:3      | 1887 ||| Stepping ~*~*~tactically~*~*~ (stealth).
  2007 | D:3      | Reached XP level 4. HP: 26/26 MP: 8/8
  2160 | D:3      | 2160 ||| READING 3 scrolls labelled GUS LEDIRUI.
  2161 | D:3      | 2161 ||| DRINKING 2 metallic green potions.
  2162 | D:3      | 2162 ||| DRINKING 2 smoky black potions.
  2162 | D:3      | Gained mutation: Your body sometimes deteriorates upon
                  | taking damage. [potion of mutation]
  2163 | D:3      | 2163 ||| DRINKING 2 fuming white potions.
  2164 | D:3      | 2164 ||| READING 2 scrolls of identify.
  2164 | D:3      | 2164 ||| IDENTIFYING murky green potion
  2165 | D:3      | 2165 ||| DROPPING potion of flight.
  2166 | D:3      | 2166 ||| DROPPING potion of brilliance.
  2178 | D:4      | 2178 ||| PLANNING OSSUARY
  2204 | D:4      | Noticed a bullfrog
  2207 | D:4      | 2207 ||| Stepping ~*~*~tactically~*~*~ (stealth).
  2208 | D:4      | 2208 ||| Stepping ~*~*~tactically~*~*~ (hiding).
  2209 | D:4      | 2209 ||| Stepping ~*~*~tactically~*~*~ (hiding).
  2211 | D:4      | HP: 3/26 [orc/+2 hand axe of electrocution (13)]
  2212 | D:4      | 2212 ||| DRINKING 4 potions of heal wounds.
  2213 | D:4      | Slain by an orc

Levels and vault maps discovered:
D:1:      minmay_arrival_checkered_box, layout_basic,
          chequers_ecumenical_altar_lobes
D:2:      wander_river, layout_loops_corners, hangedman_decor_growths,
          minmay_pentomino_p2
D:3:      layout_rooms
D:4:      layout_cave_pools, nicolae_dithmenos_the_darkroom,
          doesnt_xom_only_xom, gammafunk_temple_overflow_wave, serial_rivers,
          chequers_serial_rivers_large_b, chequers_serial_rivers_micro_b,
          chequers_serial_rivers_room_b, chequers_serial_rivers_large_a,
          chequers_serial_rivers_micro_e, enter_ossuary_2

Skill      XL: |  1  2  3 |
---------------+----------+-----
Axes           | 3 4 |  4.7
Fighting       | |  2.0
Throwing       | |  1.0
Armour         | |  1.1
Dodging        | |  2.1
Spellcasting   | |  2.0
Translocations | |  2.4

Action                   |  1- 3 |  4- 6 || total
-------------------------+-------+-------++-------
Melee: Hand axe          |     9 |       ||     9
       Peck              |    11 |       ||    11
       Kick              |     7 |     2 ||     9
       War axe           |    53 |     8 ||    61
       Punch             |     1 |       ||     1
Throw: Boomerang         |     7 |       ||     7
  Use: Scroll            |     5 |     2 ||     7
       Potion            |     2 |     4 ||     6
Armor: Leather armour    |     8 |       ||     8
       Scale mail        |    22 |     5 ||    27
Dodge: Dodged            |    23 |     5 ||    28

Table legend:
 A = Non-vault XP
 B = Vault XP
 C = Vault XP percentage of total XP
 D = Non-vault monster count
 E = Vault monster count
 F = Vault count percentage of total count
                 A         B        C        D         E       F
            +---------+---------+-------+---------+---------+-------
      Total |      86 |       4 |   4.4 |      34 |       2 |   5.6
            +---------+---------+-------+---------+---------+-------
        D:1 |      11 |       0 |   0.0 |       7 |       0 |   0.0
        D:2 |      22 |       4 |  15.4 |      11 |       2 |  15.4
        D:3 |      45 |       0 |   0.0 |      13 |       0 |   0.0
        D:4 |       8 |       0 |   0.0 |       3 |       0 |   0.0
            +---------+---------+-------+---------+---------+-------
